 Dungeon Crawl Stone Soup version 0.19.0-16-g73b5abf (webtiles) character file.

13162 GameOver the Covert (level 12, -12/66 HPs)
             Began as an Octopode Ice Elementalist on Nov 10, 2016.
             Was an Initiate of Gozag.
             Mangled by a frost giant
             ... wielding a +0 battleaxe of freezing
              (17 damage)
             ... in an ice cave.
             The game lasted 01:23:59 (11979 turns).

GameOver the Covert (Octopode Ice Elementalist)    Turns: 11979, Time: 01:24:02

Health: -12/66     AC: 12    Str: 12    XL:     12   Next: 3%
Magic:  22/25      EV: 23    Int: 21    God:    Gozag
Gold:   1848       SH:  0    Dex: 19    Spells: 4 memorised, 18 levels left

rFire  + . .     SeeInvis .     w - +3 quarterstaff (chaos)
rCold  + . .     Gourm    .     (shield currently unavailable)
rNeg   . . .     Faith    .     C - +2 hat
rPois  +         Spirit   .     (no amulet)
rElec  +         Reflect  .     h - ring of stealth
rCorr  +         Harm     .     u - +4 ring of slaying
MR     .....                    v - +6 ring of protection
Stlth  ++++++++..               i - +3 ring of protection
                                (no ring)
                                (no ring)
                                (no ring)
                                (no ring)

@: mighty, agile, resistant, very slightly contaminated, hasted, very quick
A: almost no armour, stealthy swim, amphibious, 8 rings, constrict 8, camouflage
1, gelatinous body 1
a: Potion Petition, Call Merchant, Bribe Branch, Renounce Religion


You were in an ice cave.
You worshipped Gozag.
Gozag was most pleased with you.
You were full.

You visited 4 branches of the dungeon, and saw 14 of its levels.
You also visited: Ice Cave.

You collected 2704 gold pieces.
You paid 856 gold pieces to Gozag.

Inventory:

Hand Weapons
 e - a +0 dagger
 q - a +0 shortbow
 w - a +3 quarterstaff of chaos (weapon)
Missiles
 D - 62 arrows
Armour
 C - a +2 hat (worn)
 E - a +0 hat of spirit shield
 G - a +2 buckler
 K - a +2 large shield
Rods
 J - a -3 rod of shadows (9/11)
   (You found it on level 8 of the Dungeon)
Jewellery
 h - a ring of stealth (left tentacle)
 i - a +3 ring of protection (on tentacle)
 u - a +4 ring of slaying (right tentacle)
 v - a +6 ring of protection (on tentacle)
Wands
 F - a wand of teleportation (1/9)
 L - a wand of disintegration (13/24)
Scrolls
 c - 4 scrolls of fog {unknown}
 d - 3 scrolls of enchant armour
 f - a scroll of teleportation
 j - a scroll of random uselessness {unknown}
 k - a scroll of blinking {unknown}
 l - 8 scrolls of remove curse
 n - a scroll of enchant weapon
 r - 4 scrolls of amnesia
 x - a scroll of recharging {unknown}
 y - a scroll of magic mapping
 B - 2 scrolls of noise {unknown}
 I - a scroll of holy word
Potions
 p - 2 potions of curing
 s - a potion of haste
 z - 2 potions of magic
 M - a potion of experience {unknown}
 N - a potion of flight {unknown}
Books
 a - a book of Frost

   Spells                             Type                      Level
   a - Freeze                         Ice                          1
   b - Throw Frost                    Conjuration/Ice              2
   c - Ozocubu's Armour               Charms/Ice                   3
   d - Throw Icicle                   Conjuration/Ice              4
   e - Summon Ice Beast               Ice/Summoning                4
 m - a book of Maledictions

   Spells                             Type                      Level
   a - Corona                         Hexes                        1
   b - Ensorcelled Hibernation        Hexes/Ice                    2
   c - Confuse                        Hexes                        3
   d - Tukima's Dance                 Hexes                        3
   e - Dazzling Spray                 Conjuration/Hexes            3
 A - a book of Beasts

   Spells                             Type                      Level
   a - Summon Butterflies             Summoning                    1
   b - Call Canine Familiar           Summoning                    3
   c - Summon Ice Beast               Ice/Summoning                4
   d - Summon Mana Viper              Hexes/Summoning              5
   e - Summon Hydra                   Summoning                    7
Comestibles
 b - 9 bread rations
 o - 2 meat rations
 t - 3 royal jellies


   Skills:
 - Level 0.2 Fighting
 - Level 7.0 Dodging
 - Level 12.6 Stealth
 - Level 9.0 Spellcasting
   Level 1.0 Conjurations
 + Level 9.7 Summonings
 - Level 8.0 Ice Magic


You had 18 spell levels left.
You knew the following spells:

 Your Spells              Type           Power        Failure   Level  Hunger
a - Freeze                Ice            ####         1%          1    None
c - Ozocubu's Armour      Chrm/Ice       ####....     4%          3    None
q - Summon Ice Beast      Ice/Summ       #####...     1%          4    ###....
w - Call Canine Familiar  Summ           ######..     1%          3    None


Dungeon Overview and Level Annotations

Branches:
Dungeon (10/15)            Temple (1/1) D:5            Lair (1/6) D:8
    Orc (2/2) D:9
    Elf: Orc:2

Altars:
Ashenzari
Cheibriados
Dithmenos
Elyvilon
Fedhas
Gozag
Hepliaklqana
Kikubaaqudgha
Makhleb
Okawaru
Ru
Sif Muna
Trog
Vehumet
Xom
Yredelemnul
Zin
The Shining One

Shops:
D:9 *


Innate Abilities, Weirdness & Mutations

You cannot wear most types of armour.
You are very stealthy in the water. (Stealth+)
You are amphibious.
You can wear up to eight rings at the same time.
You can use your tentacles to constrict eight enemies at once.
Your skin changes colour to match your surroundings (Stealth+).
Your rubbery body absorbs attacks. (AC +1, EV +1)


Message History

[b] - 486 gold - resistance, might and agility [c] - 208 gold - heal wounds and curing Purchase which effect?
You feel protected.
You feel very mighty all of a sudden.
You feel agile all of a sudden.
Your ice beast hits the frost giant but does no damage.
You feel better.
Your ice beast hits the frost giant but does no damage.
The frost giant gestures at you while chanting.
The bolt of cold hits you! You resist.
* * * LOW HITPOINT WARNING * * *
Your ice beast hits the frost giant but does no damage.
As you read the scroll of fear, it crumbles to dust.
You assume a fearsome visage.
The frost giant easily resists.
Your ice beast hits the frost giant but does no damage.
Your ice beast hits the frost giant.
Your ice beast freezes the frost giant.
The frost giant completely resists.
The frost giant hits you with a battleaxe of freezing!
You die...
Your body crumbles into a pile of gold.

# ## )#. $.## $
###..# #####
##Y..## ###...####
#@CY..###...#....#
##§Y.###..####....
##...##..#####...
###..###.#.#####
#..###...⌠.# #
###.#.#...##
##.###### #### ###
###... ###...#.


You could see a frost giant and 3 friendly ice beasts.

Vanquished Creatures
  A death yak (D:8)
  An ice statue (IceCv)
  3 polar bears (IceCv)
  10 yaks
  Eustachio (D:5)
  2 hogs (D:7)
  3 hungry ghosts
  Edmund (D:5)
  A water moccasin (D:10)
  A porcupine (Lair:1)
  An orc warrior (D:10)
  A black bear (D:10)
  5 ogres
  2 centaurs
  7 wolves (IceCv)
  2 phantoms (D:9)
  A crocodile (D:7)
  A big kobold (D:9)
  Blork the orc (D:5)
  6 bullfrogs
  A gnoll sergeant (D:7)
  A wyvern zombie (D:7)
  3 scorpions
  A wyvern skeleton (D:6)
  2 killer bees (D:6)
  A wight (D:6)
  An electric eel (D:10)
  5 crimson imps
  A quasit (D:9)
  4 hounds
  A centaur skeleton (D:10)
  4 orc priests
  Crazy Yiuf (D:5)
  A gnoll shaman (D:7)
  9 orc wizards
  A hell rat (D:8)
  4 worker ants
  A killer bee zombie (D:9)
  22 gnolls
  An adder (shapeshifter) (D:10)
  7 adders
  2 river rats (D:8)
  7 white imps (Lair:1)
  An ooze (D:1)
  An adder skeleton (D:4)
  2 adder zombies
  4 worms
  3 dart slugs
  5 leopard geckos
  44 orcs
  A ball python (D:4)
  3 giant cockroaches
  9 goblins
  11 hobgoblins
  3 jackals (D:4)
  13 kobolds
  7 quokkas
  A ball python skeleton (D:4)
  6 bats
  4 frilled lizards
  A leopard gecko skeleton (D:3)
  A quokka zombie (D:8)
  6 rats
258 creatures vanquished.

Vanquished Creatures (collateral kills)
  Gastronok (D:8)
  2 death yaks (IceCv)
  A hill giant (D:10)
  10 polar bears (IceCv)
  A hippogriff (Lair:1)
  10 yaks
  2 wraiths (D:10)
  A hog (D:7)
  A human (D:7)
  Menkaure (D:5)
  3 orc warriors
  A black bear (D:7)
  3 ogres
  12 wolves (IceCv)
  A phantom (D:10)
  2 scorpions
  4 killer bees (D:6)
  4 howler monkeys
  2 crimson imps
  A bullfrog zombie (D:9)
  3 hounds
  2 orc priests
  4 orc wizards
  2 iguanas
  2 adders
  A gnoll (D:4)
  5 white imps (Lair:1)
  9 orcs
  A kobold (D:9)
92 creatures vanquished.

Vanquished Creatures (others)
  A fungus (Lair:1)
1 creature vanquished.

Grand Total: 351 creatures vanquished

Notes
Turn   | Place    | Note
-------+----------+-------------------------------------------
     0 | D:1      | GameOver the Octopode Ice Elementalist began the quest for the Orb.
     0 | D:1      | Reached XP level 1. HP: 11/11 MP: 3/3
   109 | D:1      | Reached XP level 2. HP: 17/17 MP: 1/5
   160 | D:1      | You fall through a shaft!
   411 | D:1      | Reached XP level 3. HP: 16/21 MP: 4/6
   729 | D:2      | Reached skill level 3 in Stealth
   855 | D:2      | Reached XP level 4. HP: 15/27 MP: 4/7
  1042 | D:2      | Found a sacrificial altar of Ru.
  1198 | D:2      | Learned a level 4 spell: Summon Ice Beast
  1822 | D:2      | Reached skill level 4 in Stealth
  1974 | D:3      | Reached skill level 1 in Summonings
  1974 | D:3      | Reached XP level 5. HP: 31/31 MP: 1/8
  2129 | D:3      | Reached skill level 5 in Ice Magic
  2671 | D:4      | Reached skill level 5 in Stealth
  2671 | D:4      | Reached XP level 6. HP: 27/36 MP: 6/9
  3378 | D:4      | Reached XP level 7. HP: 34/41 MP: 7/10
  3889 | D:5      | Entered Level 5 of the Dungeon
  3903 | D:5      | Noticed Eustachio
  3908 | D:5      | Noticed Menkaure
  3936 | D:5      | Noticed Blork the orc
  3947 | D:5      | Killed Blork the orc
  3947 | D:5      | Reached skill level 6 in Stealth
  4054 | D:5      | Killed Eustachio
  4054 | D:5      | Reached skill level 5 in Summonings
  4104 | D:5      | Found a staircase to the Ecumenical Temple.
  4111 | Temple   | Entered the Ecumenical Temple
  4115 | Temple   | Became a worshipper of Gozag Ym Sagoz the Greedy
  4150 | D:5      | Found a radiant altar of Vehumet.
  4152 | D:5      | Found a shimmering altar of Xom.
  4160 | D:5      | Noticed Edmund
  4173 | D:5      | Killed Edmund
  4173 | D:5      | Reached XP level 8. HP: 46/46 MP: 2/11
  4290 | D:5      | Found a runed door.
  4432 | D:5      | Killed Menkaure
  4432 | D:5      | Reached skill level 7 in Stealth
  4496 | D:5      | Noticed Crazy Yiuf
  4501 | D:5      | Killed Crazy Yiuf
  4992 | D:6      | Reached skill level 8 in Stealth
  5304 | D:7      | Reached XP level 9. HP: 51/51 MP: 12/12
  5500 | D:7      | Reached skill level 9 in Stealth
  6070 | D:7      | Reached skill level 10 in Stealth
  6156 | D:7      | Found a bloodstained altar of Trog.
  6406 | D:8      | Noticed Gastronok
  6417 | D:8      | Killed Gastronok
  6417 | D:8      | Reached XP level 10. HP: 27/56 MP: 2/16
  6505 | D:8      | Reached skill level 5 in Dodging
  6561 | D:8      | Found Tyhareag's General Store.
  6839 | D:8      | Identified a -3 rod of shadows (11/11) (You found it on level 8 of the Dungeon)
  6887 | D:8      | Found a staircase to the Lair.
  7127 | D:8      | Noticed a death yak
  7158 | D:8      | Reached skill level 5 in Spellcasting
  7180 | D:8      | Killed a death yak
  7534 | D:9      | Found an iron altar of Okawaru.
  7534 | D:9      | Found a blossoming altar of Fedhas.
  7621 | D:9      | Found a staircase to the Orcish Mines.
  7825 | D:9      | Found a glowing silver altar of Zin.
  7825 | D:9      | Found Zin's Purification Station.
  8182 | D:9      | Found a glowing golden altar of the Shining One.
  8184 | D:9      | Found a shattered altar of Ashenzari.
  8185 | D:9      | Found a faded altar of an unknown god.
  8256 | D:10     | Entered Level 10 of the Dungeon
  8358 | D:10     | Reached skill level 11 in Stealth
  8541 | D:10     | Noticed a hill giant
  8548 | D:10     | Killed a hill giant
  8548 | D:10     | Reached XP level 11. HP: 59/61 MP: 5/20
  9185 | D:10     | Learned a level 3 spell: Ozocubu's Armour
  9231 | Orc:1    | Entered Level 1 of the Orcish Mines
  9609 | Orc:2    | Entered Level 2 of the Orcish Mines
  9609 | Orc:2    | Noticed an orc warlord
  9609 | Orc:2    | Noticed an orc high priest
  9657 | Lair:1   | Entered Level 1 of the Lair of Beasts
  9722 | Lair:1   | Found a frozen archway.
  9731 | Lair:1   | Reached skill level 12 in Stealth
  9807 | IceCv    | Entered an ice cave
  9897 | IceCv    | Learned a level 3 spell: Call Canine Familiar
 10254 | IceCv    | Noticed a death yak
 10283 | IceCv    | Killed a death yak
 11238 | IceCv    | Noticed a frost giant
 11238 | IceCv    | Noticed a death yak
 11264 | IceCv    | Killed a death yak
 11482 | IceCv    | Reached XP level 12. HP: 46/66 MP: 16/24
 11979 | IceCv    | Mangled by a frost giant

Skill      XL: |  1  2  3  4  5  6  7  8  9 10 11 12 |
---------------+-------------------------------------+-----
Ice Magic      | 4 5 6 7 8 |  8.0
Stealth        | 3 4 5 6 8 10 11 12 | 12.6
Summonings     | 1 2 3 5 7 8 9 |  9.7
Dodging        | 4 6 7 |  7.0
Spellcasting   | 4 6 8 9 |  9.0
Fighting       | |  0.2
Conjurations   | |  1.0

Action                   |  1- 3 |  4- 6 |  7- 9 | 10-12 || total
-------------------------+-------+-------+-------+-------++-------
Melee: Dagger            |    13 |     8 |    15 |    19 ||    55
       Constrict         |     1 |     8 |    37 |    40 ||    86
       Spear             |     2 |    43 |       |       ||    45
       Tentacles         |       |     5 |    18 |    32 ||    55
       War axe           |       |    25 |    29 |       ||    54
       Quarterstaff      |       |       |   106 |   210 ||   316
 Fire: Shortbow          |       |       |       |   101 ||   101
 Cast: Freeze            |    23 |    67 |    18 |    10 ||   118
       Summon Ice Beast  |       |     1 |    22 |    85 ||   108
       Call Canine Famil |       |       |       |     2 ||     2
Invok: Potion Petition   |       |       |       |     3 ||     3
Evoke: Rod               |       |       |       |     1 ||     1
  Use: Scroll            |       |     8 |     2 |     6 ||    16
       Potion            |       |     2 |     4 |     8 ||    14
 Stab: Sleeping          |     9 |    23 |    18 |    17 ||    67
       Distracted        |       |     1 |     3 |     5 ||     9
       Confused          |       |       |     1 |     1 ||     2
       Petrifying        |       |       |       |     1 ||     1
       Paralysed         |       |       |       |     4 ||     4
  Eat: Chunk             |       |     9 |     4 |       ||    13
       Fruit             |       |       |     5 |     8 ||    13
       Beef jerky        |       |       |     3 |     2 ||     5
       Meat ration       |       |       |     1 |     3 ||     4
       Pizza             |       |       |     1 |     8 ||     9
Armor: Skin              |       |    14 |    48 |    90 ||   152
Dodge: Dodged            |     9 |    29 |   129 |   266 ||   433
